 Dungeon Crawl Stone Soup version 0.28-a0-1412-gf95308ed99 (webtiles) character file.

Game seed: 7494545929973107643

59 Ijustatesigmund the Chopper (level 4, -5/41 HPs)
             Began as a Hill Orc Fighter on Jan 7, 2022.
             Killed by divine providence
             ... invoked by an orc priest
              (15 damage)
             ... on level 3 of the Dungeon.
             The game lasted 00:02:53 (2169 turns).

Ijustatesigmund the Chopper (Hill Orc Fighter)      Turns: 2169, Time: 00:02:53

Health: -5/41      AC:  6    Str: 20    XL:     4   Next: 3%
Magic:  4/4        EV:  7    Int:  8    God:
Gold:   7          SH:  9    Dex: 10    Spells: 3/3 levels left

rFire   . . .      SeeInvis .   a - +0 war axe
rCold   . . .      Faith    .   c - +1 kite shield {rPois}
rNeg    . . .      Spirit   .   b - +0 scale mail
rPois   +          Reflect  .   (no helmet)
rElec   .          Harm     .   (no cloak)
rCorr   .          Rampage  .   (no gloves)
Will    .....                   (no boots)
Stlth   ..........              (no amulet)
HPRegen 0.13/turn               (no ring)
MPRegen 0.09/turn               (no ring)

@: no status effects
A: no striking features
a: Convert to Beogh


You were on level 3 of the Dungeon.
You visited 1 branch of the dungeon, and saw 3 of its levels.

You collected 74 gold pieces.
You spent 67 gold pieces at shops.

Inventory:

Hand Weapons
 a - a +0 war axe (weapon)
Armour
 b - a +0 scale mail (worn)
 c - a +1 kite shield of poison resistance (worn)
Jewellery
 m - a ring of see invisible
 o - a +6 ring of dexterity
Scrolls
 e - 6 scrolls of identify {unknown}
 f - a scroll of fear {unknown}
 g - a scroll of enchant weapon {unknown}
 i - a scroll of enchant armour {unknown}
 j - a scroll of vulnerability {unknown}
 l - a scroll of silence {unknown}
 n - a scroll of fog {unknown}
 p - a scroll of blinking {unknown}
 q - a scroll of amnesia {unknown}
 r - a scroll of magic mapping
Potions
 d - a potion of might
 k - a potion of degeneration {unknown}


   Skills:
 + Level 4.5 Fighting
 * Level 4.7 Axes
 - Level 3.2 Armour
 - Level 3.2 Shields


You had 3 spell levels left.
You didn't know any spells.
Your spell library contained the following spells:

 Spells                   Type           Power      Damage    Failure   Level
 Ensorcelled Hibernation  Hex/Ice        0%         N/A       99%         2
 Scorch                   Fire           0%         2d5       99%         2
 Tukima's Dance           Hex            0%         N/A       100%        3
 Flame Wave               Conj/Fire      0%         2d4       100%        4
 Summon Cactus Giant      Summ           0%         N/A       100%        6
 Enfeeble                 Hex            0%         N/A       100%        7


Dungeon Overview and Level Annotations

Branches:
Dungeon (3/15)

Altars:

Shops:
D:1 ?[   D:2 =*[*=


Message History

There is a dry fountain here.
There is a stone staircase leading down here.
You climb downwards.
There is a stone staircase leading up here.
(D) Dungeon
Where to? (Enter - D:2, ? - help)
There is a stone staircase leading down here.
You climb downwards.
The orc shouts! x2; You hear a shout!
Found a whip and a war axe.
There is a stone staircase leading up here.
There are monsters nearby!
You closely miss the orc. The orc wizard casts a spell at you.
The magic dart hits you. You block the orc's attack.
You hit the orc.
The orc is severely wounded.
The orc wizard gestures at you while chanting.
You are confused.
The orc hits you with a +0 flail.
The orc hits you from afar with a +0 trident.
An orc priest comes into view.
It is wielding a +2 short sword of electrocution.
The orc hits you with a +0 flail. The orc hits you with a +0 trident.
The orc wizard hits you but does no damage.
The orc barely misses you. The orc wizard completely misses you.
The orc priest calls down the wrath of Beogh upon you.
Beogh smites you!
* * * LOW HITPOINT WARNING * * *
It was a potion of cancellation.
Your magical effects are unravelling.
You feel magically purged.
You feel less confused.
The orc hits you from afar with a +0 trident.
* * * LOW HITPOINT WARNING * * *
The orc wizard hits you with a +0 dagger.
* * * LOW HITPOINT WARNING * * *
The orc priest mumbles some strange prayers to Beogh against you.
Beogh smites you!
You die...

.# .## # ..#
#.#####.#
#.#......###.#
#.o....@)....#
...)..oo.#####
#.....o..<.#
#.#####.......#
# #########


You could see an orc priest, an orc wizard and 2 orcs.

Vanquished Creatures
  2 adders (D:2)
  4 orcs (D:3)
  4 ball pythons
  3 endoplasms
  A giant cockroach (D:1)
  A goblin (D:2)
  3 hobgoblins
  2 quokkas
  5 bats
  5 frilled lizards
  6 kobolds
  A rat (D:2)
37 creatures vanquished.

Notes
Turn   | Place    | Note
-------+----------+-------------------------------------------
     0 | D:1      | Ijustatesigmund the Hill Orc Fighter began the quest for
                  | the Orb.
     0 | D:1      | Reached XP level 1. HP: 19/19 MP: 1/1
    48 | D:1      | Found Guucuuje's Magic Scroll Emporium.
   189 | D:1      | Reached XP level 2. HP: 27/27 MP: 2/2
   290 | D:1      | Found Cukhleag's Armour Boutique.
   518 | D:1      | Found a faded altar of an unknown god.
   972 | D:2      | Found Suuroomm's Assorted Antiques.
  1162 | D:2      | Reached XP level 3. HP: 18/33 MP: 3/3
  1531 | D:2      | Found Taotivos's Jewellery Emporium.
  1674 | D:2      | Found Goetiph's Antique Armour Emporium.
  1678 | D:2      | Bought a scroll labelled ABOCLA KOSSEOMOVA for 29 gold
                  | pieces
  1688 | D:2      | Found Doipa's Assorted Antiques.
  1714 | D:2      | Found Vihikawn's Jewellery Shoppe.
  2016 | D:3      | Reached XP level 4. HP: 38/41 MP: 4/4
  2118 | D:1      | Bought a scroll of magic mapping for 38 gold pieces
  2169 | D:3      | Killed from afar by an orc priest

Illustrated notes

Levels and vault maps discovered:
D:1:      dpeg_arrival_arbitrary_c, layout_basic, serial_shops,
          nicolae_shop_trees, nicolae_shop_temple_entry_statues_fountains,
          shapermc_ecumenical_altar_ellora
D:2:      layout_loops_ring, serial_shops, nicolae_shop_window_shopping, shop,
          nicolae_shop_overgrown_old_shop, shop, nicolae_shop_overgrown_old_shop
D:3:      layout_basic, serial_co_window_serial, co_window_paths_a,
          co_window_corner_a, co_window_cross_1, co_window_paths_b,
          co_window_paths_b, co_window_paths_c, co_window_broadway_b,
          co_window_corner_b, glass_columns_a, glass_columns_a, glass_columns_a,
          glass_columns_b, glass_columns_a

Skill      XL: |  1  2 |
---------------+-------+-----
Axes           | 3 4 |  4.7
Fighting       | 4 |  4.5
Armour         | |  3.2
Shields        | |  3.2

Action                   |  1- 3 |  4- 6 || total
-------------------------+-------+-------++-------
Melee: War axe           |   103 |     3 ||   106
  Use: Potion            |       |     1 ||     1
Armor: Scale mail        |    47 |     1 ||    48
Dodge: Dodged            |    43 |     2 ||    45
Block: Buckler           |    15 |       ||    15
       Kite shield       |    23 |     2 ||    25

Table legend: (Time is in decaauts)
 A = Elapsed time spent in this place.
 B = Non-inter-level travel time spent in this place.
 C = Inter-level travel time spent in this place.
 D = Time resting spent in this place.
 E = Time spent auto-exploring this place.
 F = Levels seen in this place.
 G = Mean time per level.
                   A        B        C        D        E       F      G
               +--------+--------+--------+--------+--------+-----+--------+
         Total |   2212 |   1997 |    215 |    120 |   1589 |   3 |  737.3 |
       Dungeon |   2212 |   1997 |    215 |    120 |   1589 |   3 |  737.3 |
               +--------+--------+--------+--------+--------+-----+--------+

Top non-repeatable levels by time:
     D:2: 1061 daAuts
     D:1: 1015 daAuts
     D:3: 135 daAuts
